Map: [ESL] Hecate

Players

GuMiho - Winner!

  • Race: Terran Terran
  • Spawn Location: 1:00

ByuN

  • Race: Terran Terran
  • Spawn Location: 7:00

Event: ESL SC2 Masters 2023 Winter (Finals)

VOD

Have the link to the VOD?

Description

Time

  • Played on: Dec. 16, 2023, 2:07 p.m.
  • Length: 15:49

All games in this series

Show
View Real Time Build Order
Export as new Build Order

GuMiho Terran - Winner!

Build Orders: Cyclone Opening, Gas First Reaper Expand 

Get SALT Encoding   

  12  0:00  SCV  
  13  0:12  SCV  
  14  0:17  Supply Depot  
  14  0:24  SCV  
  14  0:27  Refinery  
  15  0:38  SCV  
  16  0:44  Barracks  
  16  0:50  SCV  
  17  1:02  SCV  
  18  1:15  SCV  
  19  1:30  Orbital Command  
  19  1:31  Reaper  
  20  1:40  Command Center  
  20  1:51  Factory  
  20  1:56  SCV  
  21  2:02  Supply Depot  
  21  2:05  Marine  
  22  2:09  Refinery  
  22  2:11  SCV  
  23  2:23  Barracks Tech Lab  
  23  2:24  SCV  
  24  2:34  Cyclone  
  24  2:36  SCV  
  27  2:45  Starport  
  27  2:48  SCV  
  28  2:52  Orbital Command, Barracks Reactor  
  27  3:00  SCV  
  27  3:06  Cyclone  
  29  3:13  SCV  
  29  3:18  SCV  
  31  3:21  Refinery  
  31  3:25  SCV  
  31  3:26  Banshee  
  35  3:30  SCV  
  36  3:37  SCV  
  37  3:42  SCV  
  37  3:45  Supply Depot  
  37  3:47  Cyclone  
  37  3:48  Cyclone  
  42  3:49  SCV  
  42  3:54  SCV  
  44  4:01  SCV  
  45  4:05  Supply Depot  
  45  4:06  SCV  
  45  4:09  Raven  
  48  4:13  SCV  
  48  4:16  Interference Matrix  
  49  4:18  SCV  
  49  4:20  Cyclone x2  
  53  4:25  SCV  
  53  4:31  SCV  
  54  4:37  SCV  
  53  4:40  Supply Depot  
  53  4:43  SCV  
  53  4:44  Raven  
  56  4:48  Command Center  
  56  4:53  Cyclone x2  
  56  4:55  SCV x2  
  63  5:07  SCV  
  63  5:08  SCV  
  63  5:10  Supply Depot, Refinery  
  63  5:12  Barracks Tech Lab, Supply Depot  
  64  5:25  Cyclone, SCV x2  
  64  5:26  Cyclone  
  67  5:29  Raven  
  67  5:31  Marine  
  70  5:37  SCV x2  
  72  5:48  Barracks  
  72  5:49  SCV x2  
  74  5:50  Barracks  
  71  5:58  Cyclone x2  
  71  6:00  Orbital Command  
  71  6:01  SCV x2  
  70  6:13  SCV x2  
  66  6:20  Marine  
  66  6:25  SCV x2  
  69  6:28  Orbital Command  
  69  6:31  Engineering Bay  
  71  6:33  Engineering Bay  
  71  6:34  Stimpack  
  71  6:37  SCV x2  
  71  6:42  Barracks Reactor x2  
  71  6:45  Liberator x2  
  77  6:49  SCV x2  
  77  6:53  Marine  
  80  6:55  Siege Tank  
  80  6:56  SCV  
  84  7:01  SCV  
  84  7:02  SCV  
  84  7:07  Terran Infantry Weapons Level 1  
  84  7:08  SCV  
  78  7:11  Marine  
  78  7:13  Refinery  
  78  7:14  SCV x2  
  81  7:17  Terran Infantry Armor Level 1  
  81  7:20  SCV, Marine x3  
  81  7:21  Marine  
  86  7:23  Refinery  
  86  7:24  Supply Depot  
  86  7:26  SCV x2  
  88  7:31  Siege Tank  
  88  7:32  SCV  
  92  7:38  SCV x2  
  92  7:42  Barracks  
  94  7:44  SCV  
  94  7:46  Barracks  
  94  7:47  Marine  
  94  7:48  Marine x3  
  94  7:49  Marine  
  99  7:58  SCV x3  
  102  8:03  Siege Tank  
  102  8:05  Marine  
  105  8:07  Marine x2  
  105  8:09  Marine x2  
  83  8:22  SCV x2  
  83  8:23  Marine, SCV  
  83  8:25  Marine x2  
  87  8:27  Marine x2  
  87  8:32  Medivac  
  87  8:33  Medivac  
  90  8:34  SCV  
  90  8:35  SCV  
  90  8:39  SCV  
  90  8:41  Marine  
  93  8:43  Marine x2  
  93  8:45  Marine x2  
  93  8:47  SCV x2  
  93  8:48  Barracks Reactor x2  
  100  8:52  SCV  
  100  8:59  SCV x2, Marine  
  100  9:01  Siege Tank, Marine  
  107  9:04  SCV  
  107  9:05  Marine  
  107  9:08  Marine  
  107  9:10  Supply Depot  
  107  9:11  SCV x2  
  107  9:16  SCV  
  97  9:17  Armory  
  97  9:20  Marine x3  
  97  9:23  Marine, SCV  
  97  9:24  SCV  
  97  9:26  Marine  
  97  9:28  SCV  
  97  9:29  Marine x4  
  101  9:35  SCV  
  101  9:36  SCV  
  101  9:37  Marine  
  101  9:38  Marine x2  
  103  9:41  SCV, Marine  
  105  9:47  SCV  
  105  9:48  SCV  
  105  9:49  Marine x2  
  105  9:51  Marine x3  
  112  9:54  Command Center  
  112  9:55  Marine x2  
  112  9:57  Siege Tank  
  112  9:59  Marine  
  115  10:00  Marine  
  115  10:07  Orbital Command, Marine x2  
  101  10:09  Marine x3  
  101  10:10  SCV x2  
  100  10:18  Marine x3  
  100  10:20  Marine  
  100  10:25  Marine x2  
  100  10:26  SCV  
  100  10:27  Marine x2  
  100  10:28  Marine  
  106  10:33  SCV x2  
  108  10:38  Terran Infantry Weapons Level 2, SCV  
  108  10:42  Marine x2  
  111  10:55  Marine x3  
  111  10:56  SCV x2  
  106  10:57  Marine  
  106  11:00  SCV  
  106  11:03  Marine x2  
  106  11:04  Marine x3  
  102  11:08  SCV x2  
  97  11:13  Marine  
  97  11:14  Marine x2  
  97  11:15  Marine  
  90  11:21  Marine x3  
  90  11:22  SCV, Marine x2  
  90  11:24  SCV x2  
  97  11:29  Orbital Command  
  97  11:31  Marine x3  
  100  11:33  Siege Tank, Marine  
  100  11:34  SCV  
  100  11:36  SCV  
  100  11:37  SCV  
  100  11:39  Marine  
  108  11:41  Marine x3  
  108  11:42  Marine  
  112  11:48  Marine  
  112  11:49  Marine x2  
  112  11:50  Medivac  
  112  11:51  Marine  
  111  11:57  Marine  
  111  11:59  Combat Shield, Marine x4  
  109  12:03  SCV  
  109  12:06  Marine  
  109  12:07  Marine x2  
  111  12:09  Marine  
  111  12:15  Marine  
  107  12:16  Marine  
  107  12:17  Marine x3  
  97  12:24  Marine  
  97  12:25  Marine x2  
  97  12:26  SCV x3  
  97  12:27  Marine  
  97  12:32  Marine  
  97  12:34  Marine x2  
  97  12:35  Marine x2  
  97  12:42  Marine  
  97  12:43  Medivac x2, Marine x2  
  90  12:44  Marine  
  90  12:45  SCV x4  
  90  12:50  Marine  
  96  12:52  Marine x2  
  96  12:53  Marine x2  
  96  12:57  Siege Tank, SCV x4  
  103  13:00  Marine x2  
  103  13:01  Marine  
  103  13:02  Marine  
  104  13:08  Marine  
  104  13:09  SCV x4  
  104  13:10  Marine x3  
  104  13:11  Marine  
  113  13:18  Marine x2  
  113  13:19  Marine  
  100  13:20  Marine  
  100  13:21  SCV x3  
  100  13:26  Marine  
  101  13:28  Marine x2  
  101  13:30  Marine x2  
  101  13:31  Siege Tank  
  101  13:33  SCV x3  
  110  13:35  Marine  
  110  13:36  Marine  
  111  13:41  Marine x2  
  111  13:44  Marine  
  111  13:45  Marine  
  111  13:46  Marine  
  111  13:48  Marine  
  110  13:52  Marine  
  110  13:53  Marine  
  110  13:54  Marine  
  109  13:56  SCV  
  109  13:57  SCV x2  
  109  13:59  Marine x2  
  109  14:01  Marine  
  113  14:03  Marine  
  113  14:04  SCV, Marine  
  113  14:06  Marine  
  113  14:08  SCV  
  113  14:09  SCV x2  
  120  14:10  Marine  
  120  14:11  Siege Tank, Marine  
  120  14:12  Marine  
  126  14:17  Marine  
  126  14:18  Medivac  
  126  14:19  Medivac  
  125  14:29  Marauder  
  124  14:32  Marine x3  
  124  14:33  Marine x2  
  124  14:36  Marine x2  
  130  14:38  Marine  
  130  14:50  Marauder, Marine  
  130  14:57  Marine x2  
  130  14:59  Marine x3  
  132  15:00  Marine x2  
  132  15:03  Supply Depot  
  132  15:04  Supply Depot x2  
  132  15:05  Supply Depot  
  118  15:11  Marauder  
  118  15:13  Marine  
  120  15:15  Marine x2  
  121  15:22  Marine x3  
  121  15:23  Marine x2  
  121  15:24  Supply Depot  
  121  15:25  Supply Depot  
  126  15:31  Marine  
Show
View Real Time Build Order
Export as new Build Order

ByuN Terran 

Build Orders: Cyclone Opening 

Get SALT Encoding   

  12  0:00  SCV  
  13  0:12  SCV  
  14  0:16  Supply Depot  
  14  0:24  SCV  
  15  0:38  SCV  
  15  0:39  Barracks  
  16  0:42  Refinery  
  16  0:50  SCV  
  16  0:52  Refinery  
  17  1:02  SCV  
  18  1:14  SCV  
  19  1:26  Orbital Command, Reaper  
  19  1:30  Supply Depot  
  20  1:40  Factory  
  20  1:52  SCV  
  21  1:58  Reaper  
  22  2:04  SCV  
  23  2:16  Command Center  
  23  2:17  SCV  
  24  2:24  Cyclone  
  27  2:30  SCV  
  27  2:36  Starport  
  27  2:42  SCV  
  28  2:44  Supply Depot  
  28  2:47  Barracks Reactor  
  28  2:54  SCV  
  28  2:57  Cyclone  
  30  3:06  SCV  
  30  3:14  Medivac  
  30  3:15  Refinery  
  30  3:18  SCV  
  33  3:28  Orbital Command  
  33  3:30  SCV  
  33  3:33  Barracks Tech Lab  
  34  3:40  Cyclone  
  34  3:41  Cyclone  
  38  3:43  SCV  
  39  3:55  SCV x2  
  41  3:57  Raven  
  43  4:04  Supply Depot  
  43  4:07  SCV x2  
  45  4:12  Cyclone  
  45  4:13  Cyclone  
  49  4:19  SCV x2  
  50  4:31  SCV  
  50  4:32  SCV  
  51  4:39  Raven  
  51  4:43  SCV, Supply Depot  
  51  4:44  Cyclone, SCV  
  51  4:45  Cyclone  
  59  4:55  SCV  
  59  4:56  SCV  
  61  5:07  SCV  
  61  5:08  SCV  
  61  5:13  Raven  
  65  5:16  Cyclone  
  65  5:17  Cyclone  
  65  5:19  SCV  
  65  5:20  SCV  
  70  5:21  Supply Depot  
  70  5:22  Command Center  
  70  5:28  Barracks Tech Lab  
  69  5:31  SCV  
  69  5:34  Refinery  
  70  5:40  SCV  
  69  5:44  SCV  
  69  5:48  Cyclone  
  69  5:49  Cyclone  
  74  5:52  SCV  
  74  5:56  SCV  
  77  6:04  SCV  
  77  6:08  SCV  
  72  6:16  SCV  
  67  6:20  Cyclone, SCV  
  67  6:21  Cyclone  
  72  6:27  Factory x2  
  72  6:28  SCV  
  72  6:32  SCV  
  74  6:36  Orbital Command  
  74  6:40  SCV  
  74  6:44  SCV  
  74  6:47  Liberator  
  76  6:48  Barracks Reactor  
  76  6:52  Cyclone, SCV  
  76  6:53  Cyclone  
  84  6:56  SCV  
  85  7:03  SCV  
  85  7:04  SCV  
  78  7:08  SCV  
  78  7:11  Supply Depot  
  79  7:15  SCV  
  79  7:16  SCV  
  79  7:20  SCV  
  82  7:24  Cyclone  
  82  7:25  Command Center, Cyclone  
  82  7:26  Refinery x2  
  82  7:28  SCV  
  82  7:29  SCV  
  90  7:30  Cyclone, Hurricane Engines  
  90  7:31  Cyclone  
  90  7:32  SCV  
  90  7:33  Cyclone  
  90  7:36  Supply Depot  
  95  7:38  Barracks Reactor  
  95  7:40  SCV  
  95  7:41  SCV  
  97  7:45  SCV  
  98  7:52  SCV  
  98  7:56  Cyclone, SCV  
  98  7:57  Cyclone, SCV  
  105  8:01  Factory  
  105  8:02  Cyclone  
  105  8:03  Cyclone  
  105  8:04  SCV  
  105  8:05  Cyclone  
  112  8:08  SCV  
  107  8:18  SCV  
  98  8:26  SCV  
  98  8:27  SCV  
  92  8:28  Cyclone  
  92  8:29  Cyclone  
  92  8:32  SCV  
  95  8:34  Cyclone  
  95  8:35  Cyclone  
  95  8:37  Cyclone  
  95  8:39  SCV x2  
  101  8:43  SCV  
  101  8:45  Cyclone  
  101  8:48  Viking x2  
  107  8:59  Engineering Bay  
  107  9:00  Cyclone, SCV x2  
  107  9:02  Cyclone  
  109  9:06  Cyclone, SCV  
  108  9:12  SCV x2  
  108  9:14  Cyclone x2  
  105  9:18  Cyclone, SCV  
  98  9:24  SCV  
  98  9:25  SCV  
  98  9:29  Liberator  
  102  9:33  Cyclone  
  102  9:34  Liberator, Cyclone  
  102  9:37  SCV x2  
  102  9:38  Cyclone  
  113  9:42  Armory x2  
  112  9:46  Cyclone  
  112  9:47  Cyclone  
  112  9:52  Orbital Command  
  116  9:53  Engineering Bay  
  116  10:01  Cyclone  
  116  10:05  Cyclone  
  116  10:06  Cyclone  
  118  10:10  Cyclone  
  112  10:18  Cyclone, SCV  
  112  10:19  Cyclone  
  97  10:22  Orbital Command, SCV  
  97  10:26  SCV  
  97  10:30  SCV  
  97  10:33  Cyclone  
  97  10:35  SCV  
  97  10:37  Cyclone  
  97  10:38  Cyclone, SCV  
  97  10:42  Cyclone  
  104  10:51  Cyclone  
  104  10:54  Cyclone  
  89  11:05  Siege Tank  
  89  11:09  Cyclone  
  89  11:10  Cyclone  
  82  11:13  SCV  
  82  11:14  Cyclone  
  82  11:16  SCV  
  82  11:17  Orbital Command  
  67  11:19  SCV  
  67  11:23  Cyclone  
  65  11:25  SCV  
  65  11:26  Cyclone  
  65  11:30  SCV  
  69  11:36  SCV  
  69  11:38  Cyclone, SCV  
  73  11:41  Cyclone  
  73  11:45  SCV  
  73  11:46  SCV  
  77  11:54  SCV  
  77  11:57  Siege Tank  
  77  11:58  Cyclone x3  
  83  12:04  SCV  
  80  12:10  Cyclone  
  80  12:13  Cyclone  
  83  12:28  SCV x2  
  83  12:29  Cyclone  
  84  12:30  Cyclone x2  
  84  12:34  Orbital Command, Cyclone  
  78  12:40  SCV x2  
  69  12:46  Cyclone  
  69  12:47  Cyclone  
  73  12:52  SCV x2  
  71  13:01  Cyclone  
  71  13:02  Cyclone  
  71  13:03  SCV  
  71  13:04  SCV x2  
  78  13:12  Cyclone  
  79  13:16  SCV x3  
  82  13:22  Siege Tank  
  87  13:27  Cyclone  
  87  13:28  SCV x2  
  87  13:30  Cyclone  
  87  13:32  Liberator  
  87  13:33  Siege Tank  
  95  13:40  SCV  
  92  13:48  Cyclone  
  90  13:55  Siege Tank  
  87  13:58  Cyclone  
  87  13:59  Cyclone, Refinery x2  
  89  14:08  Cyclone x2  
  93  14:12  SCV x3  
  93  14:13  Command Center  
  94  14:24  SCV x2  
  94  14:28  Siege Tank  
  100  14:31  SCV  
  100  14:38  Viking  
  102  14:39  Hellion x2  
  102  14:41  Siege Tank  
  102  14:43  SCV x2  
  102  14:46  SCV  
  103  14:55  SCV x2  
  103  14:56  Cyclone  
  103  14:58  SCV  
  95  15:01  Cyclone x2  
  98  15:07  SCV x2  
  98  15:08  Cyclone  
  98  15:09  Orbital Command  
  86  15:19  SCV  
Tags
 
Add a new tag
Caveats
  • Supply blocks, unpowered buildings, or Contaminate may cause inaccurate times.
  • Supply counts are checked every 10 seconds.